 Dungeon Crawl Stone Soup version 0.20-a0-1122-gb7cbeb9 (webtiles) character file.

140299 Niddhogr the Impaler (level 17, -20/122 HPs)
             Began as a Formicid Fighter on May 12, 2017.
             Was the Champion of Okawaru.
             Demolished by an enormous slime creature (34 damage)
             ... on level 3 of the Swamp.
             The game lasted 02:01:21 (45633 turns).

Niddhogr the Impaler (Formicid Fighter)            Turns: 45633, Time: 02:01:22

Health: -20/122    AC: 18    Str: 22    XL:     17   Next: 91%
Magic:  23/23      EV: 13    Int:  9    God:    Okawaru [******]
Gold:   2450       SH: 21    Dex: 16    Spells: 16/16 levels left

rFire    . . .     SeeInvis +   e - +3 glaive (vamp)
rCold    + + .     Gourm    .   D - +0 large shield
rNeg     + . .     Faith    +   Y - +0 ice dragon scales
rPois    +         Spirit   .   (helmet unavailable)
rElec    .         Reflect  .   t - scarf of Levity {MR+++}
rCorr    +         Harm     .   M - +2 pair of gloves {archery}
MR       ++++.                  O - +0 pair of boots
Stlth    ++........             o - amulet of faith
Regen    0.3/turn               q - ring of Res Nullius {rCorr +Inv rN+ Dex+3}
MPRegen  0.2/turn               i - ring of Somiarphu {*Tele rF+ Stlth+}

@: very slow
A: permanent stasis, dig shafts and tunnels, four strong arms, antennae 3,
talons 1, large bone plates 1, clumsy 1, poison resistance
a: Dig, Shaft Self, Heroism, Finesse, Renounce Religion, Evoke Invisibility


You were on level 3 of the Swamp.
You worshipped Okawaru.
Okawaru was exalted by your worship.
You were not hungry.

You visited 6 branches of the dungeon, and saw 28 of its levels.
You also visited: Ice Cave and Volcano.

You collected 3155 gold pieces.
You spent 705 gold pieces at shops.

Inventory:

Hand Weapons
 e - a +3 vampiric glaive (weapon)
Missiles
 g - 2 poisoned tomahawks
 J - 5 javelins
 P - 8 javelins of penetration
 R - 22 tomahawks (quivered)
 W - 3 exploding tomahawks
 X - 13 tomahawks of returning
 Z - 20 poisoned javelins
Armour
 t - the scarf of Levity (worn) {MR+++}
   (Okawaru gifted it to you on level 13 of the Dungeon)

   It affects your resistance to hostile enchantments.
 D - a +0 large shield (worn)
 M - a +2 pair of gloves of archery (worn)
 O - a +0 pair of boots (worn)
 Y - +0 ice dragon scales (worn)
Jewellery
 a - a +5 amulet of reflection
 i - the ring of Somiarphu (right hand) {*Tele rF+ Stlth+}
   (You found it on level 4 of the Lair of Beasts)

   [ring of teleportation]

   It may teleport you next to monsters.
   It protects you from fire.
   It makes you more stealthy.
 o - an amulet of faith (around neck)
 q - the ring of Res Nullius (left hand) {rCorr +Inv rN+ Dex+3}
   (You found it on level 5 of the Dungeon)

   [ring of resist corrosion]

   It affects your dexterity (+3).
   It protects you from negative energy.
   It lets you turn invisible.
 U - an uncursed amulet of rage {unknown}
Wands
 h - a wand of confusion (34/48)
 x - a wand of polymorph (10/24)
 C - a wand of polymorph (16/24)
 I - a wand of disintegration (16/24)
 L - a wand of confusion (33/48)
 V - a wand of polymorph (8/24)
Scrolls
 b - 6 scrolls of fog
 c - a scroll of enchant armour
 n - 16 scrolls of remove curse
 s - 4 scrolls of recharging
 u - 7 scrolls of enchant weapon
 y - a scroll of magic mapping
 z - 5 scrolls of immolation
 F - 5 scrolls of fear
 H - 2 scrolls of brand weapon
Potions
 d - 5 potions of might
 j - 5 potions of flight
 l - 5 potions of invisibility
 m - 4 potions of magic
 p - 4 potions of brilliance
 w - 6 potions of resistance
 E - 3 potions of cancellation
 K - 5 potions of heal wounds
 Q - 3 potions of agility
 S - 7 potions of curing
 T - a potion of lignification
Books
 v - a book of Misfortune

   Spells                             Type                      Level
   a - Confusing Touch                Hexes                        1
   b - Confuse                        Hexes                        3
   c - Gell's Gravitas                Translocation                3
   d - Petrify                        Transmutation/Earth          4
   e - Metabolic Englaciation         Hexes/Ice                    5
   f - Yara's Violent Unravelling     Hexes/Transmutation          5
Comestibles
 f - 15 bread rations
 k - 11 meat rations
 B - 4 royal jellies
 N - 22 fruits


   Skills:
 - Level 8.0 Fighting
 + Level 20.4 Polearms
 - Level 12.0 Throwing
 + Level 11.1 Armour
 - Level 8.1 Dodging
 - Level 8.4 Stealth
 - Level 8.0 Shields
 - Level 8.1 Invocations


You had 16 spell levels left.
You didn't know any spells.

Dungeon Overview and Level Annotations

Branches:
Dungeon (15/15)            Temple (1/1) D:4            Lair (6/6) D:11
  Swamp (3/4) Lair:3        Snake (0/4) Lair:4        Slime (0/5) Lair:5
    Orc (2/2) D:10            Elf (1/3) Orc:2        Vaults (0/5) D:14
 Depths (0/5) D:15

Altars:
Ashenzari
Cheibriados
Dithmenos
Elyvilon
Fedhas
Gozag
Hepliaklqana
Kikubaaqudgha
Makhleb
Nemelex Xobeh
Okawaru
Qazlal
Ru
Sif Muna
Trog
Uskayaw
Vehumet
Wu Jian
Xom
Yredelemnul
Zin
The Shining One
Beogh

Shops:
D:5 ?   D:10 (   D:15 :   Orc:2 !%(:!


Innate Abilities, Weirdness & Mutations

You cannot be hasted, slowed, berserked, paralysed or teleported.
You can dig through walls and to a lower floor.
Your four strong arms can wield two-handed weapons with a shield.
You have a pair of large antennae on your head. (SInv)
You have sharp toenails.
You are partially covered in large bone plates. (SH +4)
You are clumsy. (Dex -2)
Your system is resistant to poisons. (rPois)


Message History

You slash the slime creature!
You feel better.
The slime creature is lightly wounded.
The slime creature hits you!
* * * LOW HITPOINT WARNING * * *
You enter the shallow water.
Moving in this stuff is going to be slow.
You block the slime creature's attack.
A large slime creature splits.
Two slime creatures merge to form a very large slime creature.
You block the slime creature's attack.
Found 2 potions of curing.
You enter the shallow water.
Moving in this stuff is going to be slow.
Two slime creatures merge to form an enormous slime creature.
The slime creature hits you.
* * * LOW HITPOINT WARNING * * *
The slime creature barely misses you.
You enter the shallow water.
Moving in this stuff is going to be slow.
The enormous slime creature hits you!!
You die...

♣ ≈.♣♣ ≈≈ ≈.≈≈♣ ....♣>≈
.≈§≈.♣♣♣♣♣♣♣ ♣≈≈≈!♣.♣
♣≈≈≈......♣♣♣♣ ♣≈≈≈≈.♣..
♣♣.♣≈≈<≈≈≈≈≈≈♣♣♣..≈≈≈....
♣≈.≈..≈≈≈♣≈≈≈.≈≈≈≈≈≈.♣♣≈
♣♣.≈.≈≈♣J≈≈≈≈≈≈≈.≈≈≈.♣♣≈
♣♣≈♣≈≈@J..≈≈≈≈≈.≈≈...≈≈
♣≈≈.≈≈≈§≈≈≈≈≈..≈≈♣.≈≈.
♣..≈≈..§§≈≈≈..≈♣≈..≈≈.
♣♣≈≈≈.♣≈≈§≈♣≈≈≈≈♣.≈≈..
♣≈≈.§≈...≈≈.≈≈≈≈....♣
♣.≈≈.≈≈≈≈♣≈.....≈.≈≈≈
♣.≈≈...≈≈♣≈≈.≈≈≈≈≈.≈.
♣≈≈≈≈≈≈.≈≈≈≈.≈≈.≈≈≈≈.
♣≈......≈≈≈≈.≈♣..≈≈≈.


You could see an enormous slime creature and a slime creature.

Vanquished Creatures
  Frances (D:14)
  A thorn hunter (Swamp:2)
  The ghost of Niddhogr the Impaler, an adept FoFi of Okawaru (Orc:2)
  A stone giant (Orc:2)
  The ghost of Shimatora the Severer, a journeyman HOFi of Makhleb (Volcano)
  Nessos (Orc:2)
  Snorg (Lair:6)
  Erolcha (Orc:2)
  4 vault guards (D:14)
  An ogre mage (D:11)
  2 ice dragons (D:15)
  13 hydras
  A centaur warrior (D:15)
  Erica (D:9)
  2 death knights
  3 catoblepae (Lair:6)
  7 alligators
  13 two-headed ogres
  A queen ant (Lair:3)
  A tengu warrior (D:15)
  4 orc high priests (Orc:2)
  5 death yaks (Lair:6)
  The ghost of EvilAshe the Spear-Bearer, a novice MfSk of Makhleb (D:9)
  A fire crab (Volcano)
  6 skeletal warriors
  5 unseen horrors
  A spriggan druid (Swamp:1)
  A phantasmal warrior (D:13)
  A wizard (D:14)
  A deep elf archer (D:14)
  2 swamp dragons
  2 lindwurms
  A necromancer (IceCv)
  6 orc knights
  5 deep elf magi
  6 ugly things (D:14)
  A cyclops (D:14)
  5 orc sorcerers
  4 manticores
  7 elephants
  3 ice statues (IceCv)
  7 black mambas
  2 molten gargoyles (Volcano)
  15 spiny frogs
  3 gargoyles
  11 komodo dragons
  A kobold demonologist (D:13)
  A rime drake (Lair:4)
  10 ice devils
  A freezing wraith (D:13)
  4 tyrant leeches
  10 trolls
  A hornet (Swamp:2)
  3 polar bears
  26 blink frogs
  2 bog bodies
  10 slime creatures
  5 dream sheep (Lair:6)
  13 hippogriffs
  3 shadows
  A wraith (D:13)
  2 wyverns
  A human (D:14)
  2 basilisks (Lair:1)
  5 fire bats (Volcano)
  46 yaks
  29 vampire mosquitoes
  2 steam dragons (Volcano)
  14 swamp worms
  2 nagas (Lair:4)
  5 insubstantial wisps (Swamp:1)
  The ghost of M4edhros the Insei, an amateur OpNe (D:5)
  A hell hound (Volcano)
  20 soldier ants (Lair:3)
  An acid dragon (D:12)
  9 porcupines
  14 water moccasins
  Duvessa (D:4)
  6 swamp drakes
  7 ice beasts
  31 orc warriors
  9 sky beasts
  A phantom (D:9)
  17 ogres
  A black bear (D:10)
  2 eyes of draining (D:9)
  15 wolves
  19 crocodiles
  15 centaurs
  5 big kobolds
  3 wyvern zombies
  24 bullfrogs
  Dowan (D:4)
  A wyvern skeleton (D:11)
  2 scorpions
  3 wights (D:8)
  4 electric eels
  2 vampire bats (D:3)
  2 howler monkeys
  7 lava snakes (Volcano)
  4 crimson imps
  2 bullfrog zombies
  2 draconian simulacra (IceCv)
  A quasit (D:6)
  3 centaur zombies
  25 orc priests
  5 centaur skeletons
  14 hounds
  6 jellies
  6 bullfrog skeletons
  A gnoll shaman (D:6)
  25 orc wizards
  Jessica (D:3)
  4 iguanas
  2 hell rats (Lair:4)
  3 troll simulacra (IceCv)
  26 worker ants
  A spriggan simulacrum (IceCv)
  A centaur simulacrum (IceCv)
  3 hound skeletons
  A worker ant zombie (D:4)
  3 howler monkey skeletons
  11 gnolls
  8 river rats (Lair:4)
  13 adders
  3 naga simulacra (IceCv)
  A hound simulacrum (D:8)
  6 shadow imps
  5 white imps (D:8)
  A worker ant simulacrum (D:8)
  2 oozes (D:4)
  2 ufetubi (D:8)
  5 worms
  5 dart slugs
  5 leopard geckos
  94 orcs
  3 ball pythons
  7 bats
  4 bat skeletons (D:3)
  A bat zombie (D:3)
  6 giant cockroaches
  10 goblins
  14 hobgoblins
  5 jackals
  24 kobolds
  11 quokkas
  3 frilled lizards
  A leopard gecko skeleton (D:6)
  15 rats
  2 briar patches (Swamp:2)
992 creatures vanquished.

Vanquished Creatures (others)
  An alligator (Swamp:3)
  An orc knight (Orc:1)
  A cyclops (D:11)
  A manticore (D:11)
  5 centaurs (D:14)
  A bullfrog (D:8)
  An orc priest (D:3)
  An adder simulacrum (D:8)
  2 orcs (D:8)
  9 fungi
  10 plants (Lair:6)
33 creatures vanquished.

Grand Total: 1025 creatures vanquished

Notes
Turn   | Place    | Note
-------+----------+-------------------------------------------
     0 | D:1      | Niddhogr the Formicid Fighter began the quest for the Orb.
     0 | D:1      | Reached XP level 1. HP: 18/18 MP: 1/1
    68 | D:1      | Reached XP level 2. HP: 19/24 MP: 2/2
   307 | D:1      | Reached skill level 3 in Polearms
   426 | D:1      | Reached XP level 3. HP: 21/29 MP: 3/3
  2073 | D:2      | Found a faded altar of an unknown god.
  2132 | D:2      | Reached XP level 4. HP: 35/35 MP: 4/4
  2163 | D:2      | Reached skill level 4 in Polearms
  2300 | D:2      | HP: 1/35 [gnoll (5)]
  2646 | D:2      | Reached XP level 5. HP: 34/41 MP: 5/5
  2704 | D:2      | Reached skill level 5 in Polearms
  3389 | D:2      | Found a faded altar of an unknown god.
  3730 | D:3      | Noticed a bullfrog
  3743 | D:3      | Killed a bullfrog
  3743 | D:3      | Reached XP level 6. HP: 37/47 MP: 6/6
  3825 | D:3      | Noticed Jessica
  3833 | D:3      | Killed Jessica
  3833 | D:3      | Reached skill level 6 in Polearms
  4023 | D:3      | Found an ancient bone altar of Kikubaaqudgha.
  4045 | D:3      | Reached skill level 1 in Throwing
  4154 | D:3      | Found a roughly hewn altar of Beogh.
  4168 | D:3      | Reached XP level 7. HP: 25/52 MP: 7/7
  4431 | D:3      | Found a stormy altar of Qazlal.
  4684 | D:3      | Found a roughly hewn altar of Beogh.
  4857 | D:3      | Found an ancient bone altar of Kikubaaqudgha.
  5271 | D:3      | Found an ancient bone altar of Kikubaaqudgha.
  5434 | D:3      | Found a roughly hewn altar of Beogh.
  5513 | D:3      | Found a stormy altar of Qazlal.
  5612 | D:4      | Found a staircase to the Ecumenical Temple.
  5618 | Temple   | Entered the Ecumenical Temple
  5684 | Temple   | Became a worshipper of Warmaster Okawaru
  5868 | D:4      | Noticed Duvessa
  5868 | D:4      | Noticed Dowan
  5900 | D:4      | Killed Duvessa
  5907 | D:4      | Killed Dowan
  5907 | D:4      | Reached skill level 7 in Polearms
  5965 | D:4      | HP: 2/52 [ogre/giant club (15)]
  6222 | D:4      | Found a white marble altar of Elyvilon.
  6728 | D:4      | Found an opulent altar of Gozag.
  6880 | D:4      | Found a white marble altar of Elyvilon.
  6912 | D:4      | Found an opulent altar of Gozag.
  7112 | D:4      | Found a staircase to the Ecumenical Temple.
  7402 | D:4      | Reached * piety under Okawaru
  7402 | D:4      | Reached XP level 8. HP: 32/58 MP: 8/8
  7636 | D:4      | Found an opulent altar of Gozag.
  7663 | D:4      | Found a white marble altar of Elyvilon.
  7766 | D:4      | Found a staircase to the Ecumenical Temple.
  8189 | D:5      | Entered Level 5 of the Dungeon
  8189 | D:5      | Found a sparkling altar of Nemelex Xobeh.
  8304 | D:5      | Found a glowing golden altar of the Shining One.
  8333 | D:5      | Got a shimmering turquoise ring
  8334 | D:5      | Identified the ring of Res Nullius {rCorr +Inv rN+ Dex+3} (You found it on level 5 of the Dungeon)
  8373 | D:5      | Noticed M4edhros's ghost (amateur OpNe)
  8393 | D:5      | Killed M4edhros's ghost
  8393 | D:5      | Reached skill level 8 in Polearms
  8393 | D:5      | Reached skill level 1 in Invocations
  8672 | D:5      | Found Rarghi's Magic Scroll Shop.
  8681 | D:5      | Bought a scroll of identify for 26 gold pieces
  8681 | D:5      | Bought a scroll of identify for 26 gold pieces
  8681 | D:5      | Bought a scroll of enchant weapon for 97 gold pieces
  8681 | D:5      | Bought a scroll of magic mapping for 45 gold pieces
  8681 | D:5      | Bought a scroll of identify for 26 gold pieces
  8685 | D:5      | Bought a scroll of amnesia for 45 gold pieces
  8685 | D:5      | Bought a scroll of magic mapping for 45 gold pieces
  8833 | D:5      | Found Rarghi's Magic Scroll Shop.
  9018 | D:5      | Found a sparkling altar of Nemelex Xobeh.
  9053 | D:5      | Found a glowing golden altar of the Shining One.
  9432 | D:6      | Reached ** piety under Okawaru
  9432 | D:6      | Reached XP level 9. HP: 21/65 MP: 10/12
  9478 | D:6      | Found a burning altar of Makhleb.
  9835 | D:5      | Reached skill level 9 in Polearms
  9849 | D:6      | Found a shadowy altar of Dithmenos.
  9905 | D:6      | Reached skill level 1 in Dodging
 10471 | D:6      | Found an iron altar of Okawaru.
 10625 | D:6      | Found an iron altar of Okawaru.
 10745 | D:6      | Found a shadowy altar of Dithmenos.
 10947 | D:6      | Found a burning altar of Makhleb.
 11372 | D:7      | Noticed a two-headed ogre
 11713 | D:7      | Reached skill level 10 in Polearms
 12133 | D:7      | Killed a two-headed ogre
 12133 | D:7      | Reached *** piety under Okawaru
 12133 | D:7      | Reached skill level 5 in Dodging
 12133 | D:7      | Reached XP level 10. HP: 32/71 MP: 11/13
 12313 | D:7      | Reached skill level 1 in Stealth
 12718 | D:7      | Reached skill level 11 in Polearms
 12738 | D:7      | Noticed a two-headed ogre
 12807 | D:8      | Found a hazy altar of Hepliaklqana.
 12810 | D:8      | Found a shattered altar of Ashenzari.
 13183 | D:8      | Reached **** piety under Okawaru
 13272 | D:8      | Reached skill level 5 in Throwing
 13339 | D:8      | Gained mutation: Scrolls take you a little longer to read. [potion of mutation]
 13339 | D:8      | Gained mutation: You are resistant to hostile enchantments. (MR+) [potion of mutation]
 13340 | D:8      | Lost mutation: Scrolls take you a little longer to read. [potion of mutation]
 13340 | D:8      | Lost mutation: You are resistant to hostile enchantments. (MR+) [potion of mutation]
 13340 | D:8      | Gained mutation: Your system is resistant to poisons. (rPois) [potion of mutation]
 13340 | D:8      | Gained mutation: You have sharp toenails. [potion of mutation]
 13641 | D:8      | Reached XP level 11. HP: 67/77 MP: 14/14
 13901 | D:8      | Found a hazy altar of Hepliaklqana.
 13995 | D:8      | Found a shattered altar of Ashenzari.
 13997 | D:8      | Found a hide-covered altar of Uskayaw.
 14375 | D:7      | Killed a two-headed ogre
 14375 | D:7      | Reached ***** piety under Okawaru
 14375 | D:7      | Reached skill level 12 in Polearms
 14841 | D:9      | Noticed a two-headed ogre
 14858 | D:9      | Killed a two-headed ogre
 15063 | D:9      | Noticed EvilAshe's ghost (novice MfSk)
 15094 | D:9      | Killed EvilAshe's ghost
 15189 | D:9      | Noticed Erica
 15207 | D:9      | Killed Erica
 15207 | D:9      | Received a gift from Okawaru
 15366 | D:9      | Found a glowing silver altar of Zin.
 15404 | D:9      | Reached skill level 5 in Fighting
 15404 | D:9      | Reached skill level 13 in Polearms
 15650 | D:9      | Found a glowing silver altar of Zin.
 15943 | D:9      | Found a glowing silver altar of Zin.
 15981 | D:10     | Entered Level 10 of the Dungeon
 16436 | D:10     | Received a gift from Okawaru
 16438 | D:10     | Reached XP level 12. HP: 73/87 MP: 15/15
 16607 | D:10     | Noticed a two-headed ogre
 16668 | D:10     | Found Ithogiv's Antique Weapon Emporium.
 16679 | D:10     | Killed a two-headed ogre
 16831 | D:10     | Found a staircase to the Orcish Mines.
 17033 | D:10     | Found a staircase to the Orcish Mines.
 17156 | D:10     | Found Ithogiv's Antique Weapon Emporium.
 17524 | D:11     | Found a staircase to the Lair.
 17538 | D:11     | Noticed a six-headed hydra
 17968 | D:12     | Noticed a two-headed ogre
 17974 | D:12     | Killed a two-headed ogre
 17974 | D:12     | Reached skill level 14 in Polearms
 18239 | D:12     | Reached skill level 5 in Invocations
 19172 | D:11     | Killed a six-headed hydra
 19183 | D:11     | HP: 3/92 [manticore (5)]
 19287 | D:11     | Noticed a five-headed hydra
 19565 | D:11     | Killed a five-headed hydra
 19565 | D:11     | Received a gift from Okawaru
 19565 | D:11     | Reached XP level 13. HP: 98/98 MP: 18/18
 20024 | D:11     | Noticed an ogre mage
 20038 | D:11     | Killed an ogre mage
 20038 | D:11     | Reached skill level 15 in Polearms
 20038 | D:11     | Reached skill level 5 in Armour
 20061 | D:11     | Reached ****** piety under Okawaru
 20306 | D:11     | Found a staircase to the Lair.
 20311 | D:11     | Gained mutation: You are clumsy. (Dex -2) [mutagenic meat]
 20312 | D:11     | Gained mutation: You are partially covered in large bone plates. (SH +4) [mutagenic meat]
 20684 | D:13     | Received a gift from Okawaru
 20692 | D:13     | Got a faintly humming scarf {god gift}
 20703 | D:13     | Identified the scarf of Levity {MR+++} (Okawaru gifted it to you on level 13 of the Dungeon)
 22038 | D:14     | Reached XP level 14. HP: 105/105 MP: 20/20
 22147 | D:14     | Reached skill level 16 in Polearms
 22165 | D:14     | Received a gift from Okawaru
 23569 | D:14     | Noticed Frances
 23583 | D:14     | Killed Frances
 23583 | D:14     | Received a gift from Okawaru
 23583 | D:14     | Received a gift from Okawaru
 24060 | Orc:1    | Entered Level 1 of the Orcish Mines
 24463 | Orc:2    | Entered Level 2 of the Orcish Mines
 24472 | Orc:2    | Received a gift from Okawaru
 24482 | Orc:2    | Got a slimy short sword {god gift}
 24497 | Orc:1    | Reached skill level 5 in Shields
 24570 | Orc:2    | Found a staircase to the Elven Halls.
 24864 | Orc:2    | Noticed Nessos
 25050 | Orc:2    | Noticed Niddhogr's ghost (adept FoFi)
 25223 | Lair:1   | Entered Level 1 of the Lair of Beasts
 25231 | Lair:1   | Reached skill level 17 in Polearms
 25852 | Lair:1   | Reached XP level 15. HP: 91/110 MP: 21/21
 26891 | Lair:2   | Received a gift from Okawaru
 26894 | Lair:2   | Got a faintly glowing demon trident {god gift}
 26895 | Lair:2   | Identified the +1 demon trident of Loxuss {flame, *Rage rC+ Dex+3} (Okawaru gifted it to you on level 2 of the Lair of Beasts)
 26978 | Lair:2   | Found a frozen archway.
 27000 | IceCv    | Entered an ice cave
 27543 | Lair:2   | Reached skill level 5 in Stealth
 29219 | Lair:3   | Received a gift from Okawaru
 29939 | Lair:3   | Received a gift from Okawaru
 30194 | Lair:3   | Found a staircase to the Swamp.
 30329 | Lair:3   | You fall through a shaft for 3 floors!
 30329 | Lair:6   | Entered Level 6 of the Lair of Beasts
 30393 | Lair:6   | Reached skill level 18 in Polearms
 30446 | Lair:6   | Received a gift from Okawaru
 30556 | Lair:4   | Got a fine tin ring
 30559 | Lair:4   | Identified the ring of Somiarphu {*Tele rF+ Stlth+} (You found it on level 4 of the Lair of Beasts)
 30611 | Lair:4   | Found a dark tunnel.
 30660 | Volcano  | Entered a volcano
 30801 | Volcano  | Noticed Shimatora's ghost (journeyman HOFi)
 30826 | Volcano  | Killed Shimatora's ghost
 30971 | Volcano  | Found a burning altar of Makhleb.
 31335 | Lair:4   | Found a staircase to the Snake Pit.
 31556 | Lair:4   | Received a gift from Okawaru
 32253 | Lair:3   | Found a staircase to the Swamp.
 32867 | Lair:3   | Found a staircase to the Swamp.
 33328 | Lair:4   | Found a staircase to the Snake Pit.
 33976 | Lair:5   | Found a staircase to the Slime Pits.
 34000 | Lair:5   | Reached XP level 16. HP: 116/117 MP: 22/22
 34045 | Lair:5   | Received a gift from Okawaru
 34692 | Lair:5   | Found a staircase to the Slime Pits.
 35050 | Lair:6   | Noticed Snorg
 35080 | Lair:6   | Killed Snorg
 35091 | Lair:6   | Received a gift from Okawaru
 35613 | Lair:6   | Reached skill level 10 in Throwing
 36100 | Lair:6   | Received a gift from Okawaru
 36189 | Lair:6   | Received a gift from Okawaru
 36192 | Lair:6   | Reached skill level 19 in Polearms
 36870 | Lair:6   | Got a crude iron ring
 36872 | Lair:6   | Identified the ring of Jiaklu {rPois MR+ Dex+4} (You found it on level 6 of the Lair of Beasts)
 38207 | Elf:1    | Entered Level 1 of the Elven Halls
 38207 | Elf:1    | Noticed a deep elf sorcerer
 38285 | Orc:2    | Killed Nessos
 38642 | Orc:2    | Found Gyntol's Distillery.
 38645 | Orc:2    | Bought a potion of heal wounds for 70 gold pieces
 38973 | Orc:2    | Noticed Erolcha
 38981 | Orc:2    | Killed Erolcha
 39022 | Orc:2    | Found Miggaus's Distillery.
 39823 | Orc:2    | Found Zexij's Weapon Emporium.
 39827 | Orc:2    | Bought a potion of agility for 52 gold pieces
 39827 | Orc:2    | Bought a potion of heal wounds for 65 gold pieces
 39827 | Orc:2    | Bought 2 potions of curing for 78 gold pieces
 39827 | Orc:2    | Bought a potion of heal wounds for 65 gold pieces
 39827 | Orc:2    | Bought a potion of heal wounds for 65 gold pieces
 39831 | Orc:2    | Found Ferchuq's Food Emporium.
 39833 | Orc:2    | Found Wioblik's Book Boutique.
 40126 | Orc:2    | Found Miggaus's Distillery.
 40132 | Orc:2    | Found Ferchuq's Food Emporium.
 40134 | Orc:2    | Found Wioblik's Book Boutique.
 40135 | Orc:2    | Found Zexij's Weapon Emporium.
 40275 | Orc:2    | Killed Niddhogr's ghost
 40275 | Orc:2    | Reached XP level 17. HP: 95/122 MP: 16/23
 40295 | Orc:2    | Found Gyntol's Distillery.
 40377 | Orc:2    | Found a staircase to the Elven Halls.
 40878 | D:14     | Received a gift from Okawaru
 40985 | D:14     | Received a gift from Okawaru
 41082 | D:14     | Found a gate to the Vaults.
 41153 | D:15     | Entered Level 15 of the Dungeon
 41183 | D:15     | Found Lottuy's Book Emporium.
 41328 | D:15     | Found a sacrificial altar of Ru.
 41464 | D:15     | Got a distressingly furry leather armour
 41475 | D:15     | Identified the +0 leather armour of Rationality {Int+6 Stlth+} (You found it on level 15 of the Dungeon)
 41861 | D:15     | Found a staircase to the Depths.
 41879 | D:15     | Received a gift from Okawaru
 41969 | D:15     | Found a sacrificial altar of Ru.
 42208 | D:15     | Found Lottuy's Book Emporium.
 42736 | Swamp:1  | Entered Level 1 of the Swamp
 42979 | Swamp:1  | Received a gift from Okawaru
 43072 | Swamp:1  | Reached skill level 20 in Polearms
 43202 | Swamp:1  | Received a gift from Okawaru
 43263 | Swamp:1  | Reached skill level 10 in Armour
 44155 | Swamp:2  | Noticed a thorn hunter
 44171 | Swamp:2  | Killed a thorn hunter
 44760 | Swamp:2  | Received a gift from Okawaru
 44789 | Swamp:2  | Got a crude demon trident {god gift}
 44790 | Swamp:2  | Identified the +1 demon trident of Expedience {venom, *Rage rPois rC+++} (Okawaru gifted it to you on level 2 of the Swamp)
 45633 | Swamp:3  | Demolished by an enormous slime creature

Vault maps used:
D:1:      lemuel_arrival_broad_hall, serial_park_tiny_pond, minmay_hedge_maze
D:2:      chequers_ecumenical_altar_twisty, roderic_roman_lattice,
          grunt_decor_cap
D:3:      lemuel_round_altar, kennysheep_vampire_church, first_bread,
          kennysheep_orc_chapel, uniq_jessica
D:4:      kennysheep_mini_moat, elyvilon_altar_4, minmay_temple_entry_hall,
          uniq_duvessa
D:5:      overflow_temple_1_default, nicolae_tso_swordbearing_angel,
          serial_shops, shop_statue
D:6:      nicolae_dithmenos_shadow_blocks, makhleb_grotto_becter,
          okawaru_trees_2
D:7:      bh_walls_and_bars
D:8:      overflow_temple_1_default, nicolae_overflow_hidden_temple, serial_ice,
          serial_ice_j, serial_ice_f, serial_ice_b, serial_ice_c, serial_ice_a,
          serial_ice_m, serial_ice_o, serial_ice_g, lemuel_old_faithful
D:9:      zin_scriptorium, uniq_erica
D:10:     hiddenorc1_lemuel, serial_shops, shop
D:11:     erik_lair_island
D:14:     grunt_vaults_entry_fortified, serial_glass, glass_columns_c,
          glass_columns_a, glass_columns_c, glass_columns_c,
          minmay_misc_feat_columns, blue_anna_alchemist, uniq_frances
D:15:     grunt_enter_depths_hoard, serial_shops, nicolae_shop_behind_doors,
          nicolae_ru_awakened_eye
Temple:   compressed_dpeg_circular_temple
Lair:1:   grunt_megastairs_4
Lair:2:   portal_ice_cave_demonic_guard
Lair:3:   swamp_mist, minivault_29
Lair:4:   guppyfry_snake_entry_island, nicolae_volcano_entry_vermiform,
          kennysheep_rathole
Lair:5:   slime_dummy, grunt_megastairs_2
Lair:6:   evilmike_catoblepas_cave, grunt_forest_small_clearings,
          lemuel_fruit_fields, uniq_snorg
Swamp:1:  evilmike_swamp_ruin_house_5
Swamp:2:  evilmike_swamp_ruin_house_3
Swamp:3:  evilmike_swamp_ruin_house_4
Orc:1:    cheibrodos_orc_bank
Orc:2:    st_orc_elflike, serial_shops, nicolae_shop_behind_doors,
          statue_in_the_mist_lemuel, uniq_erolcha, uniq_nessos
Elf:1:    minmay_elf_arrival_circle, minmay_elf_annihilation
IceCv:    ice_cave_tombish
Volcano:  volcano_lake

Skill      XL: |  1  2  3  4  5  6  7  8  9 10 11 12 13 14 15 16 17 |
---------------+----------------------------------------------------+-----
Polearms       | 3 4 5 6 7 8 10 11 13 14 15 17 18 19 20 | 20.4
Throwing       | 2 4 5 8 11 12 | 12.0
Fighting       | 4 5 8 |  8.0
Invocations    | 4 7 8 |  8.1
Armour         | 4 8 11 | 11.1
Dodging        | 5 8 |  8.1
Shields        | 4 6 8 |  8.0
Stealth        | 4 8 |  8.4

Action                   |  1- 3 |  4- 6 |  7- 9 | 10-12 | 13-15 | 16-18 || total
-------------------------+-------+-------+-------+-------+-------+-------++-------
Melee: Trident           |   153 |   162 |   532 |   738 |    23 |       ||  1608
       Kick              |       |       |       |   299 |   156 |       ||   455
       Halberd           |       |       |       |   273 |   922 |       ||  1195
       Demon trident     |       |       |       |       |   631 |   726 ||  1357
       Glaive            |       |       |       |       |    91 |   633 ||   724
Throw: Tomahawk          |       |       |    22 |    37 |    22 |    39 ||   120
       Javelin           |       |       |       |       |     2 |       ||     2
Invok: Heroism           |       |       |     1 |    14 |     7 |    15 ||    37
       Finesse           |       |       |       |     1 |     6 |     4 ||    11
 Abil: Dig               |       |       |       |     1 |     4 |       ||     5
Evoke: Wand              |       |       |     9 |     1 |       |       ||    10
  Use: Scroll            |       |     2 |     6 |    10 |     9 |     6 ||    33
       Potion            |       |     2 |     1 |     8 |     3 |       ||    14
 Stab: Invisible         |       |     1 |     3 |       |       |       ||     4
       Sleeping          |       |       |       |       |    26 |    14 ||    40
       Distracted        |       |       |       |       |     3 |     7 ||    10
       Confused          |       |       |       |       |       |     1 ||     1
  Eat: Chunk             |     4 |     7 |    23 |    20 |    47 |    29 ||   130
       Fruit             |       |       |     2 |     1 |     5 |    17 ||    25
       Bread ration      |       |       |       |     1 |       |     1 ||     2
Armor: Scale mail        |    27 |    82 |    33 |     9 |   140 |    67 ||   358
       Chain mail        |       |       |    74 |   302 |       |       ||   376
       Ice dragon scales |       |       |       |       |       |   104 ||   104
Dodge: Dodged            |    17 |    55 |    71 |   206 |   233 |   265 ||   847
Block: Shield            |    34 |    84 |    71 |       |       |       ||   189
       Large shield      |       |       |   176 |   767 |  1289 |   961 ||  3193
       Reflection        |       |       |       |    13 |    75 |       ||    88
